 Dungeon Crawl Stone Soup version 0.16.1-5-gaa23807 (console) character file.

569 Monkaria the Carver (level 7, 0/59 HPs)
             Began as a Minotaur Skald on Mar 28, 2015.
             Slain by a giant gecko (1 damage)
             ... on level 5 of the Dungeon.
             The game lasted 00:06:49 (3989 turns).

Monkaria the Carver (Minotaur Skald)                Turns: 3989, Time: 00:06:50

Health: 0/59       AC:  6    Str: 16    XL:     7   Next: 11%
Magic:  5/5        EV: 10    Int: 14    God:
Gold:   204        SH:  0    Dex: 10    Spells: 1 memorised, 7 levels left

rFire  . . .     SeeInvis .     C - +0 long sword
rCold  . . .     Clarity  .     t - +0 ring mail (curse)
rNeg   . . .     SustAb   .     (no shield)
rPois  .         Gourm    .     (helmet unavailable)
rElec  .         Spirit   .     (no cloak)
rCorr  .         Warding  .     j - +0 pair of gloves
rMut   .         Stasis   .     (no boots)
MR     .....                    (no amulet)
Stlth  ..........               (no ring)
                                (no ring)

@: brilliant, lethally poisoned (0 -> -12), exhausted, slowed, very slow, not
resistant to hostile enchantments, extremely unstealthy
A: retaliatory headbutt, horns 3, low mp 1, weak 1
a: no special abilities


You were on level 5 of the Dungeon.
You were hungry.

You visited 1 branch of the dungeon, and saw 5 of its levels.

You collected 204 gold pieces.

Inventory:

Hand weapons
 C - a +0 long sword (weapon)
Missiles
 f - 23 poisoned needles
 l - 11 curare-tipped needles
Armour
 j - a +0 pair of gloves (worn)
 t - a cursed +0 ring mail (worn)
Magical devices
 x - a wand of magic darts (0)
Scrolls
 e - 3 scrolls of amnesia {unknown}
 h - a scroll of teleportation {unknown}
 i - 2 scrolls of enchant armour {unknown}
 m - 4 scrolls of identify {unknown}
 n - a scroll of immolation {unknown}
 o - 3 scrolls of random uselessness {unknown}
 r - a scroll of noise {unknown}
 w - a scroll of blinking {unknown}
 y - a scroll of enchant weapon {unknown}
 D - a scroll of recharging {unknown}
Potions
 k - 2 potions of mutation
 p - a potion of poison
 q - a potion of agility {unknown}
 s - a potion of curing {unknown}
 u - a potion of beneficial mutation {unknown}
 v - a potion of haste {unknown}
Books
 c - a book of Battle

   Spells                             Type                      Level
   a - Infusion                       Charms                       1
   b - Shroud of Golubria             Charms/Translocation         2
   c - Song of Slaying                Charms                       2
   d - Spectral Weapon                Hexes/Charms                 3
   e - Regeneration                   Charms/Necromancy            3
Comestibles
 a - 2 chunks of flesh
 d - 4 bread rations
 z - a beef jerky
 A - 2 meat rations
 B - a slice of pizza


   Skills:
 - Level 4.0 Fighting
 + Level 8.9 Long Blades
 - Level 1.2 Armour
 - Level 1.1 Dodging
 - Level 1.3 Spellcasting
 - Level 2.0 Charms


You had 7 spell levels left.
You knew the following spells:

 Your Spells              Type           Power        Failure   Level  Hunger
a - Infusion              Chrm           ##....       3%          1    ##.....


Dungeon Overview and Level Annotations

Branches:
Dungeon (5/15)
 Temple: D:4-7

Altars:
The Shining One


Innate Abilities, Weirdness & Mutations

You reflexively headbutt those who attack you in melee.
You have a pair of large horns on your head.
Your magical capacity is low (-10% MP).
You are weak. (Str -2)


Message History

You hit Blork the orc!
You kill Blork the orc!
You have reached level 7!
A rat comes into view.
You are no longer berserk.
You are exhausted.
You feel yourself slow down.
You are feeling hungry.
You barely miss the giant gecko. Your headbutt misses the giant gecko.
You feel less confused.
The giant gecko bites you but does no damage.
Drink which item? (? for menu, Esc to quit)
It was a potion of poison.
That liquid tasted very nasty...
You are lethally poisoned!
* * * LOW HITPOINT WARNING * * *
You feel sick.
The giant gecko bites you but does no damage.
The giant gecko bites you.
You die...

. #.....# +... #.....#
#... #.†...# ##...
+#.<...+ +.r.. #+#
..#.....##+# #....
#.##..##+##..... #...
#.........+.....
##...##.........#>....
+....@l.........#.....
##...##)##(.##..#.....
#...##.##..##..###+##
#...'...............+
#...##.##..##..##'###
#+## #.##+###..#.....
#.##......#(....
#'##..##..+.....
##.##..##+##.....


You could see a giant gecko and a rat.

Vanquished Creatures
  A phantom (D:4)
  An ogre (D:4)
  Blork the orc (D:5)
  A crimson imp (D:4)
  3 iguanas
  An orc wizard (D:4)
  A hound zombie (D:4)
  Terence (D:3)
  A hound skeleton (D:4)
  6 adders
  A giant mite (D:3)
  2 worms
  3 giant geckos
  2 oozes
  8 orcs (D:4)
  2 ball pythons
  6 giant cockroaches
  9 goblins
  8 hobgoblins
  8 bats
  7 giant newts
  5 jackals
  5 kobolds
  A quokka (D:3)
  12 rats
96 creatures vanquished.

Vanquished Creatures (others)
  5 toadstools (D:1)
5 creatures vanquished.

Grand Total: 101 creatures vanquished

Notes
Turn   | Place    | Note
--------------------------------------------------------------
     0 | D:1      | Monkaria, the Minotaur Skald, began the quest for the Orb.
     0 | D:1      | Reached XP level 1. HP: 18/18 MP: 2/2
    62 | D:1      | Reached skill level 3 in Fighting
   125 | D:1      | Reached XP level 2. HP: 26/26 MP: 2/2
   318 | D:1      | Reached skill level 4 in Fighting
   644 | D:2      | Reached XP level 3. HP: 33/33 MP: 3/3
  1209 | D:2      | Reached XP level 4. HP: 20/40 MP: 4/4
  2031 | D:3      | Noticed Terence
  2038 | D:3      | Killed Terence
  2038 | D:3      | Reached skill level 5 in Long Blades
  2396 | D:4      | Noticed a phantom
  2399 | D:4      | Reached XP level 5. HP: 46/46 MP: 4/4
  2413 | D:4      | Killed a phantom
  2413 | D:4      | Reached skill level 6 in Long Blades
  2539 | D:4      | Noticed an ogre
  2830 | D:4      | Found a glowing golden altar of the Shining One.
  2883 | D:4      | Reached XP level 6. HP: 49/52 MP: 5/5
  2997 | D:4      | Killed an ogre
  2997 | D:4      | Reached skill level 7 in Long Blades
  3674 | D:4      | Reached skill level 8 in Long Blades
  3833 | D:5      | Entered Level 5 of the Dungeon
  3844 | D:4      | Got a smoking robe
  3950 | D:5      | Noticed Blork the orc
  3979 | D:5      | Gained mutation: Your magical capacity is low (-10% MP). [potion of mutation]
  3979 | D:5      | Gained mutation: You are weak. (Str -2) [potion of mutation]
  3979 | D:5      | Gained mutation: You have a pair of large horns on your head. [potion of mutation]
  3982 | D:5      | HP: 2/78 [Blork the orc/battleaxe (10)]
  3986 | D:5      | Killed Blork the orc
  3986 | D:5      | Reached XP level 7. HP: 3/59 MP: 5/5
  3989 | D:5      | HP: 1/59 [poison (a potion of poison)]
  3989 | D:5      | Slain by a giant gecko

Action                   |  1- 3 |  4- 6 |  7- 9 || total
-------------------------+-------+-------+-------++-------
Melee: Falchion          |   103 |   125 |       ||   228
       Long sword        |       |    79 |     1 ||    80
  Use: Potion            |       |     3 |     1 ||     4
  Eat: Chunk             |     1 |     9 |       ||    10
